Map: [ESL] Data-C

Players

Dark

  • Race: Zerg Zerg
  • Spawn Location: 3:00

herO - Winner!

  • Race: Protoss Protoss
  • Spawn Location: 9:00

Event: DreamHack SC2 Masters 2022 Valencia

VOD

Have the link to the VOD?

Description

Time

  • Played on: July 3, 2022, 11:27 a.m.
  • Length: 9:08

All games in this series

Show
View Real Time Build Order
Export as new Build Order

Dark Zerg 

Build Orders: Hatch First 

Get SALT Encoding   

  12  0:00  Drone  
  13  0:12  Overlord  
  13  0:17  Drone  
  14  0:30  Drone x2  
  14  0:34  Drone  
  17  0:52  Hatchery  
  17  0:54  Drone  
  17  0:58  Drone  
  18  1:06  Extractor  
  17  1:13  Spawning Pool  
  17  1:16  Drone  
  17  1:20  Drone  
  18  1:30  Drone  
  19  1:38  Drone  
  20  1:49  Drone  
  21  2:00  Zergling x2  
  22  2:03  Queen  
  22  2:04  Queen  
  22  2:06  Drone  
  22  2:07  Metabolic Boost  
  27  2:16  Overlord  
  27  2:17  Drone  
  28  2:34  Drone  
  28  2:35  Drone x2  
  28  2:36  Drone  
  32  2:40  Hatchery  
  31  2:46  Queen  
  33  2:51  Overlord  
  33  2:56  Zergling x2  
  35  3:00  Queen  
  36  3:10  Drone x3  
  39  3:16  Drone x3  
  42  3:22  Queen  
  42  3:26  Overlord  
  44  3:35  Overlord  
  44  3:36  Spore Crawler  
  44  3:37  Drone  
  44  3:44  Queen  
  44  3:45  Drone  
  44  3:46  Drone  
  44  3:47  Drone  
  49  3:51  Spore Crawler  
  49  3:54  Drone x2  
  49  3:55  Drone  
  51  3:57  Drone  
  51  3:58  Queen  
  51  3:59  Drone  
  51  4:00  Drone  
  56  4:05  Queen  
  56  4:08  Drone  
  59  4:17  Drone x3  
  59  4:20  Drone x5  
  63  4:25  Evolution Chamber  
  63  4:26  Drone  
  63  4:29  Zergling x4  
  63  4:30  Drone  
  66  4:37  Overlord  
  66  4:41  Overlord  
  66  4:44  Spore Crawler  
  62  4:48  Overlord  
  62  4:51  Overlord  
  61  4:53  Drone x5  
  61  4:57  Drone x3  
  68  5:00  Zerg Melee Weapons Level 1  
  68  5:05  Drone x3  
  68  5:06  Drone  
  72  5:10  Drone x2  
  72  5:11  Drone  
  72  5:13  Drone  
  76  5:15  Drone x2  
  76  5:16  Drone  
  76  5:19  Drone x2  
  81  5:26  Hatchery  
  80  5:30  Extractor x2  
  80  5:31  Drone x3  
  80  5:33  Drone  
  80  5:34  Drone  
  84  5:35  Drone  
  84  5:37  Drone  
  84  5:48  Lair  
  81  5:50  Zergling x18  
  81  5:53  Extractor x2  
  81  5:55  Zergling x4  
  90  6:02  Drone x2, Hatchery  
  91  6:10  Drone x2  
  93  6:12  Drone  
  93  6:17  Drone, Overlord  
  93  6:18  Overlord x4  
  95  6:20  Zergling x6  
  95  6:24  Overlord  
  98  6:29  Baneling Nest  
  97  6:37  Zergling x12  
  97  6:38  Drone x2  
  104  6:43  Drone  
  104  6:44  Drone x2  
  106  6:47  Hydralisk Den  
  106  6:50  Zergling x14  
  112  6:55  Zergling x4  
  112  7:02  Zergling x4  
  112  7:06  Zergling x4  
  112  7:07  Zergling x6  
  117  7:09  Queen  
  117  7:10  Zergling x8  
  117  7:13  Zergling x2  
  117  7:14  Zergling x6  
  117  7:20  Zergling x2, Baneling x8  
  117  7:21  Zergling x4, Baneling x2  
  117  7:22  Baneling  
  118  7:24  Hydralisk x2  
  122  7:31  Hydralisk x2  
  123  7:41  Hydralisk x6  
  126  7:44  Hydralisk x2  
  126  7:47  Zergling x6  
  126  7:49  Grooved Spines  
  126  7:53  Zergling x6  
  126  7:55  Zergling x2  
  130  8:01  Hydralisk x2  
  130  8:02  Hydralisk  
  130  8:04  Hydralisk x2  
  135  8:08  Hydralisk  
  136  8:13  Hydralisk x2  
  136  8:14  Hydralisk  
  136  8:19  Zergling x4  
  132  8:27  Zergling x10  
  132  8:32  Hydralisk x3  
  130  8:35  Zergling x8  
  130  8:38  Zergling x4  
  130  8:40  Zergling x2  
  123  8:44  Zergling x2  
  123  8:48  Zergling x4  
  100  8:50  Zergling x2  
Show
View Real Time Build Order
Export as new Build Order

herO Protoss - Winner!

Build Orders: 1 Gate Expand, Oracle Opening 

Get SALT Encoding   

  12  0:00  Probe  
  13  0:12  Probe  
  14  0:17  Pylon  
  14  0:24  Probe (Chrono Boost)  
  15  0:36  Probe (Chrono Boost)  
  15  0:38  Gateway  
  16  0:44  Probe (Chrono Boost)  
  16  0:47  Assimilator  
  17  0:51  Probe  
  18  1:03  Probe  
  19  1:15  Probe  
  20  1:27  Nexus  
  20  1:35  Cybernetics Core  
  20  1:37  Probe  
  21  1:44  Assimilator  
  21  1:50  Probe  
  22  1:54  Pylon  
  22  2:02  Probe (Chrono Boost)  
  23  2:12  Adept  
  23  2:14  Probe (Chrono Boost)  
  26  2:16  Stargate  
  26  2:21  Probe (Chrono Boost)  
  27  2:24  Warp Gate  
  27  2:28  Probe  
  28  2:40  Probe (Chrono Boost)  
  28  2:42  Adept  
  32  2:46  Probe (Chrono Boost)  
  32  2:50  Probe (Chrono Boost)  
  33  2:53  Probe (Chrono Boost)  
  33  2:55  Probe (Chrono Boost)  
  33  2:56  Oracle (Chrono Boost)  
  35  3:04  Probe  
  39  3:07  Probe, Pylon  
  40  3:13  Gateway  
  40  3:17  Probe  
  40  3:19  Probe  
  42  3:23  Oracle (Chrono Boost)  
  45  3:29  Probe  
  45  3:31  Probe  
  47  3:42  Nexus  
  47  3:46  Pylon  
  47  3:49  Probe  
  47  3:50  Probe  
  47  3:52  Oracle (Chrono Boost)  
  52  3:59  Assimilator  
  52  4:02  Assimilator  
  52  4:04  Probe x2  
  54  4:10  Forge  
  54  4:16  Probe x2  
  56  4:23  Twilight Council  
  56  4:28  Probe x2  
  58  4:32  Gateway  
  58  4:33  Gateway  
  58  4:37  Gateway  
  58  4:42  Probe x2  
  60  4:51  Protoss Ground Weapons Level 1 (Chrono Boost)  
  60  4:58  Probe x2 (Chrono Boost), Blink (Chrono Boost)  
  60  4:59  Probe (Chrono Boost)  
  63  5:05  Gateway  
  63  5:06  Sentry x2  
  67  5:09  Gateway  
  67  5:13  Probe (Chrono Boost)  
  70  5:16  Probe x2 (Chrono Boost)  
  70  5:17  Gateway  
  70  5:20  Probe (Chrono Boost)  
  71  5:23  Probe x2 (Chrono Boost)  
  71  5:27  Probe  
  74  5:31  Pylon  
  74  5:33  Pylon x2  
  74  5:34  Stalker  
  73  5:51  Stalker x4  
  73  5:52  Probe  
  73  5:53  Probe x2  
  84  5:57  Stalker, Oracle (Chrono Boost)  
  89  6:06  Pylon  
  89  6:10  Stalker  
  89  6:11  Stalker  
  93  6:12  Photon Cannon  
  93  6:13  Probe  
  94  6:18  Nexus  
  94  6:30  Stalker x4  
  102  6:37  Stalker  
  104  6:47  Stalker x2  
  104  6:49  Pylon x2  
  104  6:51  Pylon  
  105  6:56  Stalker x2  
  103  7:14  Stalker x6  
  112  7:21  Stalker x2  
  116  7:26  Nexus  
  116  7:28  Pylon  
  110  7:49  Stalker x5  
  110  7:50  Stalker x3  
  122  7:53  Probe x3  
  122  7:55  Pylon  
  125  8:07  Probe x2  
  125  8:08  Probe  
  126  8:20  Stalker x6  
  126  8:21  Stalker  
  126  8:22  Zealot  
  126  8:24  Probe x3  
  142  8:38  Probe x3  
  136  8:52  Stalker x6  
  136  8:53  Zealot x2  
  136  8:55  Probe x4  
  144  8:58  Photon Cannon  
  144  8:59  Shield Battery  
  132  9:07  Pylon  

Tags
 
Add a new tag
Caveats
  • Supply blocks, unpowered buildings, or Contaminate may cause inaccurate times.
  • Supply counts are checked every 10 seconds.